 Dungeon Crawl Stone Soup version 0.28-a0-1506-g3893175d92 (webtiles) character file.

Game seed: 12428034684886280785

519 dolemite99 the Twirler (level 7, 0/50 HPs)
             Began as a Demonspawn Gladiator on Jan 13, 2022.
             Was a Priest of Kikubaaqudgha.
             Slain by a centaur warrior zombie (6 damage)
             ... on level 5 of the Dungeon.
             The game lasted 00:05:19 (8137 turns).

dolemite99 the Twirler (Demonspawn Gladiator)       Turns: 8137, Time: 00:05:20

Health: 0/50       AC: 14    Str: 16    XL:     7   Next: 1%
Magic:  7/7        EV:  7    Int:  9    God:    Kikubaaqudgha [***...]
Gold:   134        SH:  4    Dex: 15    Spells: 5/6 levels left

rFire   . . .      SeeInvis .   a - +0 quarterstaff
rCold   . . .      Faith    .   (shield currently unavailable)
rNeg    . . .      Spirit   .   r - +0 chain mail
rPois   .          Reflect  .   c - +0 helmet
rElec   .          Harm     .   (no cloak)
rCorr   .          Rampage  .   (no gloves)
Will    .....                   u - +0 pair of boots
Stlth   ..........              (no amulet)
HPRegen 0.16/turn               (no ring)
MPRegen 0.10/turn               (no ring)

@: attractive, hasted, very quick
A: icemail 1, condensation shield, demonic touch 1
a: Renounce Religion, Receive Corpses


You were on level 5 of the Dungeon.
You worshipped Kikubaaqudgha.
Kikubaaqudgha was most pleased with you.
You visited 1 branch of the dungeon, and saw 5 of its levels.

You collected 134 gold pieces.

Inventory:

Hand Weapons
 a - a +0 quarterstaff (weapon)
 b - a +0 hunting sling
Missiles
 d - 3 throwing nets
 f - 24 bolts
 g - 95 stones
 i - 6 poisoned darts
 j - 5 sling bullets
 B - 3 javelins (quivered)
Armour
 c - a +0 helmet (worn)
 o - a +0 leather armour
 r - a +0 chain mail (worn)
 u - a +0 pair of boots (worn)
 v - a +0 scale mail
Magical Staves
 t - a staff of fire
 A - a staff of earth
Jewellery
 h - a ring of ice
Wands
 p - a wand of acid (5)
 x - a wand of digging (2)
Scrolls
 e - a scroll of teleportation {unknown}
 k - a scroll of magic mapping {unknown}
 m - a scroll of summoning {unknown}
 q - 3 scrolls of identify {unknown}
 w - a scroll of vulnerability {unknown}
 y - a scroll of fear {unknown}
 z - 2 scrolls of amnesia {unknown}


   Skills:
 - Level 2.0 Fighting
 + Level 7.3 Staves
 - Level 1.7 Throwing
 - Level 2.6 Dodging


You had 5 spell levels left.
You knew the following spells:

 Your Spells              Type           Power      Damage    Failure   Level
a - Animate Skeleton      Necr           0%         N/A       100%        1

Your spell library contained the following spells:

 Spells                   Type           Power      Damage    Failure   Level
 Corpse Rot               Necr/Air       0%         N/A       100%        2
 Sublimation of Blood     Necr           0%         N/A       100%        2
 Stone Arrow              Conj/Erth      0%         3d7       100%        3
 Anguish                  Hex/Necr       0%         N/A       100%        4
 Animate Armour           Summ/Erth      0%         N/A       100%        4
 Animate Dead             Necr           0%         N/A       100%        4
 Dispel Undead            Necr           0%         3d6       100%        4
 Summon Ice Beast         Ice/Summ       0%         N/A       100%        4
 Agony                    Necr           0%         N/A       100%        5
 Borgnjor's Vile Clutch   Necr/Erth      0%         N/A       100%        5
 Summon Mana Viper        Hex/Summ       0%         N/A       100%        5
 Simulacrum               Ice/Necr       0%         N/A       100%        6
 Monstrous Menagerie      Summ           0%         N/A       100%        7
 Lehudib's Crystal Spear  Conj/Erth      0%         10d2      100%        8


Dungeon Overview and Level Annotations

Branches:
Dungeon (5/15)
 Temple: D:4-7

Altars:
Dithmenos
Fedhas
Hepliaklqana
Kikubaaqudgha
The Shining One


Innate Abilities, Weirdness & Mutations

A meltable icy envelope protects you from harm. (AC +4)
A meltable shield of frost defends you. (SH +4)
Your touch may inflict minor irresistible damage on your foes.


Message History

The centaur warrior zombie is attracted toward you.
You barely miss the centaur warrior zombie.
The centaur warrior zombie is moderately damaged.
You block the centaur warrior zombie's attack.
The centaur warrior zombie kicks you but does no damage.
You sock the centaur warrior zombie!
The centaur warrior zombie is heavily damaged.
The centaur warrior zombie hits you but does no damage.
The centaur warrior zombie kicks you but does no damage.
You hit the centaur warrior zombie.
The centaur warrior zombie is heavily damaged.
The centaur warrior zombie hits you but does no damage.
The centaur warrior zombie kicks you but does no damage.
You hit the centaur warrior zombie.
The centaur warrior zombie is heavily damaged.
You sock the centaur warrior zombie!
The centaur warrior zombie is severely damaged.
The centaur warrior zombie hits you.
The centaur warrior zombie kicks you but does no damage.
You barely miss the centaur warrior zombie.
The centaur warrior zombie is severely damaged.
The centaur warrior zombie hits you!
* * * LOW HITPOINT WARNING * * *
The centaur warrior zombie kicks you but does no damage.
You sock the centaur warrior zombie!
The centaur warrior zombie is severely damaged.
The centaur warrior zombie hits you but does no damage.
The centaur warrior zombie kicks you but does no damage.
You hit the centaur warrior zombie.
The centaur warrior zombie is almost destroyed.
You barely miss the centaur warrior zombie.
The centaur warrior zombie is almost destroyed.
The centaur warrior zombie hits you.
* * * LOW HITPOINT WARNING * * *
The centaur warrior zombie barely misses you.
You hit the centaur warrior zombie.
The centaur warrior zombie is almost destroyed.
The centaur warrior zombie hits you.
You die...
Kikubaaqudgha rasps: "You have failed me!
Welcome... death!"

#. ### .# .. .. ..
.#. ... #.# [## #.#
... #.# #@# ## #.#
#Z# #.# #.#####
#+### #.#
#.#...#.....# #.#
###...#.รท.....#
#.###...####......#
#.#...#.# #......
##...###.# ..>..#
#..### #.# ....(


You could see a centaur warrior zombie.

Vanquished Creatures
  An ogre (D:4)
  A scorpion (D:5)
  A centaur skeleton (D:5)
  2 iguanas (D:4)
  2 orc wizards
  A killer bee zombie (D:5)
  A hound zombie (D:5)
  A hound skeleton (D:5)
  A gnoll (D:4)
  7 adders
  A white imp (D:4)
  A worm (D:3)
  3 dart slugs (D:2)
  16 orcs
  10 ball pythons
  11 endoplasms
  2 giant cockroaches
  12 goblins
  12 hobgoblins
  3 jackals (D:1)
  4 bats
  4 frilled lizards
  3 kobolds
  5 rats
105 creatures vanquished.

Notes
Turn   | Place    | Note
-------+----------+-------------------------------------------
     0 | D:1      | dolemite99 the Demonspawn Gladiator began the quest for the
                  | Orb.
     0 | D:1      | Reached XP level 1. HP: 16/16 MP: 1/1
    36 | D:1      | Reached skill level 3 in Staves
   306 | D:1      | Gained mutation: A meltable shield of frost defends you.
                  | (SH +4) [demonic ancestry]
   306 | D:1      | Reached XP level 2. HP: 18/22 MP: 2/2
   386 | D:1      | Found a faded altar of an unknown god.
   398 | D:1      | Prayed at the altar of an unknown god.
   398 | D:1      | Became a worshipper of Kikubaaqudgha
   398 | D:1      | Reached * piety under Kikubaaqudgha
   398 | D:1      | Received a gift from Kikubaaqudgha
   620 | D:1      | Learned a level 1 spell: Animate Skeleton
  1144 | D:1      | Gained mutation: Your touch may inflict minor irresistible
                  | damage on your foes. [demonic ancestry]
  1144 | D:1      | Reached XP level 3. HP: 27/27 MP: 3/3
  1415 | D:2      | Reached skill level 4 in Staves
  1850 | D:2      | Reached ** piety under Kikubaaqudgha
  1936 | D:2      | Reached XP level 4. HP: 30/33 MP: 4/4
  2799 | D:3      | Reached skill level 5 in Staves
  3107 | D:3      | Gained mutation: A meltable icy envelope protects you from
                  | harm. (AC +4) [demonic ancestry]
  3107 | D:3      | Reached XP level 5. HP: 38/38 MP: 5/5
  3729 | D:4      | Noticed a shadow
  3731 | D:4      | Found a shadowy altar of Dithmenos.
  3732 | D:4      | Found a hazy altar of Hepliaklqana.
  3787 | D:4      | HP: 1/38 [something/puff of flame (5)]
  4555 | D:4      | Noticed an ogre
  4584 | D:4      | Reached skill level 6 in Staves
  4588 | D:4      | Killed an ogre
  4589 | D:4      | Reached XP level 6. HP: 42/44 MP: 6/6
  4903 | D:4      | Reached *** piety under Kikubaaqudgha
  4903 | D:4      | Received a gift from Kikubaaqudgha
  5332 | D:5      | Entered Level 5 of the Dungeon
  7046 | D:4      | Reached skill level 7 in Staves
  7874 | D:5      | Found a blossoming altar of Fedhas.
  7888 | D:5      | Reached XP level 7. HP: 26/50 MP: 7/7
  8137 | D:5      | Slain by a centaur warrior zombie

Illustrated notes

Levels and vault maps discovered:
D:1:      dpeg_arrival_water_temple_mockup, layout_loops_corners,
          ebering_ecumenical_altar_sacrificial
D:2:      layout_basic
D:3:      layout_rooms, general_overflow_altar
D:4:      kennysheep_the_goblin_king, layout_basic,
          riverfiend_overflow_shadow_ancestor, feat_on_display
D:5:      wad_pebble_path, layout_basic, fedhas_bush_and_centaur_altar,
          grunt_ministairs_1, moated_statue, minmay_misc_feat_four_crosses,
          minmay_fire_ice_demons, uniq_prince_ribbit1

Skill      XL: |  1  2  3  4  5  6 |
---------------+-------------------+-----
Staves         | 3 4 5 6 7 |  7.3
Fighting       | |  2.0
Throwing       | |  1.7
Dodging        | |  2.6

Action                   |  1- 3 |  4- 6 |  7- 9 || total
-------------------------+-------+-------+-------++-------
Melee: Quarterstaff      |   118 |   192 |    17 ||   327
       Hunting sling     |       |     2 |       ||     2
       Touch             |       |     1 |       ||     1
 Fire: Hunting sling     |       |    92 |       ||    92
Throw: Javelin           |       |       |     3 ||     3
  Use: Potion            |       |     5 |     3 ||     8
       Scroll            |       |     1 |       ||     1
 Stab: Sleeping          |     4 |       |       ||     4
Armor: Leather armour    |    30 |    25 |       ||    55
       Chain mail        |       |   110 |    23 ||   133
       Skin              |       |    15 |       ||    15
Dodge: Dodged            |    73 |    80 |     8 ||   161
Block: Other             |    17 |    41 |     2 ||    60

Table legend: (Time is in decaauts)
 A = Elapsed time spent in this place.
 B = Non-inter-level travel time spent in this place.
 C = Inter-level travel time spent in this place.
 D = Time resting spent in this place.
 E = Time spent auto-exploring this place.
 F = Levels seen in this place.
 G = Mean time per level.
                   A        B        C        D        E       F      G
               +--------+--------+--------+--------+--------+-----+--------+
         Total |   8157 |   8019 |    138 |   4337 |   2568 |   5 | 1631.4 |
       Dungeon |   8157 |   8019 |    138 |   4337 |   2568 |   5 | 1631.4 |
               +--------+--------+--------+--------+--------+-----+--------+

Top non-repeatable levels by time:
     D:4: 3984 daAuts
     D:1: 1331 daAuts
     D:3: 1216 daAuts
     D:2: 1076 daAuts
     D:5: 548 daAuts
